 Dungeon Crawl Stone Soup version 0.30-b1-2-g02819fbbbe (webtiles) character file.

Game seed: 9543001425613121868

744 nikku the Chopper (level 7, -1/64 HPs)
             Began as a Hill Orc Fighter on May 22, 2023.
             Slain by an orc priest
             ... wielding a +0 short sword
              (3 damage)
             ... on level 5 of the Dungeon.
             The game lasted 00:11:44 (3691 turns).

nikku the Chopper (Hill Orc Fighter)                Turns: 3691, Time: 00:11:52

Health: -1/64      AC:  7    Str: 21    XL:     7   Next: 76%
Magic:  7/7        EV:  9    Int:  8    God:
Gold:   155        SH:  4    Dex: 10    Spells: 6/6 levels left

rFire   . . .        a - +0 war axe
rCold   . . .        c - +0 buckler
rNeg    . . .        b - +0 scale mail
rPois   .            (no helmet)
rElec   .            (no cloak)
rCorr   +            (no gloves)
SInv    .            (no boots)
Will    .....        (no amulet) Stlth
                     h - ring of resist corrosion
HPRegen 0.30/turn    (no ring)
MPRegen 0.10/turn

%: no passive effects
@: no status effects
A: no striking features
a: Convert to Beogh


You were on level 5 of the Dungeon.
You visited 1 branch of the dungeon, and saw 5 of its levels.

You collected 275 gold pieces.
You spent 120 gold pieces at shops.

Inventory:

Hand Weapons
 a - a +0 war axe (weapon)
Armour
 b - a +0 scale mail (worn)
 c - a +0 buckler (worn)
Jewellery
 d - a ring of ice
 h - a ring of resist corrosion (left hand)
 i - a +6 ring of intelligence
Wands
 f - a wand of iceblast (18)
 m - a wand of polymorph (5)
Scrolls
 e - 3 scrolls of teleportation
Potions
 g - a potion of lignification
 j - 4 potions of heal wounds
 k - a potion of mutation
 l - a potion of attraction {unknown}
 n - 2 potions of magic {unknown}
 o - a potion of invisibility
 p - a potion of cancellation {unknown}


   Skills:
 * Level 6.4 Fighting
 + Level 7.2 Axes
 + Level 5.2 Armour
 + Level 4.5 Shields


You had 6 spell levels left.
You didn't know any spells.
Your spell library was empty.

Dungeon Overview and Level Annotations

Branches:
Dungeon (5/15)
 Temple: D:4-7

Altars:
Fedhas
Gozag
Xom
Zin

Shops:
D:5 *


Message History

You slash the scorpion!
The scorpion is heavily wounded.
The scorpion barely misses you.
The orc priest invokes the aid of Beogh against you.
Beogh smites you!
* * * LOW HITPOINT WARNING * * *
You slash the scorpion!
You kill the scorpion!
You see here a scorpion corpse.
You slash the orc!
You kill the orc!
You barely miss the orc. You hit the orc priest.
The orc priest is moderately wounded.
You hit the orc.
The orc priest shouts, "Surrender to Beogh and we'll let you live!"
The orc hits you but does no damage.
The orc priest hits you but does no damage.
You barely miss the orc priest.
The orc priest is moderately wounded.
You hit the orc. The orc barely misses you.
The orc priest shouts, "Beogh is our master!
Accept the truth or die!"
You block the orc priest's attack. The orc hits you with a +0 mace.
* * * LOW HITPOINT WARNING * * *
The orc priest hits you with a +0 short sword.
* * * LOW HITPOINT WARNING * * *
You hit the orc priest.
The orc priest shouts, "Join the one true god or die!"
The orc priest is heavily wounded.
You barely miss the orc. The orc hits you but does no damage.
The orc priest mumbles some strange prayers to Beogh against you.
Beogh smites you!
* * * LOW HITPOINT WARNING * * *
You closely miss the orc priest.
The orc priest is heavily wounded.
You closely miss the orc. The orc hits you with a +0 mace.
* * * LOW HITPOINT WARNING * * *
The orc priest shouts, "Beogh is our master!
Accept the truth or die!"
The orc priest hits you with a +0 short sword.
You die...

.#.####.##....##.........#.......
##.# #.##.......####.#####.####.
##.####..'...###.##.........# #.
......####...# #>##.#.##########.
......# #######.##.#.# #.....
......# ###....##.#.######.##..
<.....# #.....# #.#.##.~.≈~≈#..
####### #.#.#o###.#.##..~≈~.#..
##### #...oo#o@...#.##.~~_~≈#..
....# ###.o########.##..~~~.#.#
###.# .... ..# #.##....~....
....# .....####.# #.##.#.#....#
....# #..........###.##.<..#.###
....# #....####......##..#.#.#
....# #.... #.#...#......#.#.#
....#### #.##.##........#.#
##.....# #.......#.#.##.#.#


You could see an orc priest and an orc.

Vanquished Creatures
  Sigmund (D:2)
  An ogre (D:5)
  A phantom (D:5)
  A centaur (D:5)
  A scorpion (D:5)
  A hound (D:5)
  3 iguanas (D:5)
  Jessica (D:3)
  6 adders
  A shadow imp (D:5)
  2 dart slugs
  2 worms
  3 orcs
  3 endoplasms
  6 giant cockroaches
  6 goblins
  11 hobgoblins
  4 jackals (D:3)
  3 quokkas (D:2)
  4 ball pythons
  8 bats
  2 frilled lizards (D:2)
  4 kobolds
  3 rats
78 creatures vanquished.

Notes
Turn   | Place    | Note
-------+----------+-------------------------------------------
     0 | D:1      | nikku the Hill Orc Fighter began the quest for the Orb.
     0 | D:1      | Reached XP level 1. HP: 19/19 MP: 1/1
    59 | D:1      | Reached XP level 2. HP: 21/27 MP: 2/2
   307 | D:1      | Reached skill level 3 in Axes
   662 | D:1      | Found a faded altar of an unknown god.
   669 | D:1      | Reached XP level 3. HP: 31/33 MP: 3/3
  1131 | D:2      | Noticed Sigmund
  1146 | D:2      | Killed Sigmund
  1147 | D:2      | Reached skill level 5 in Fighting
  1147 | D:2      | Reached skill level 5 in Axes
  1147 | D:2      | Reached XP level 4. HP: 12/42 MP: 4/4
  1147 | D:2      | Reached XP level 5. HP: 13/48 MP: 5/5
  1147 | D:2      | Reached XP level 6. HP: 16/56 MP: 6/6
  1524 | D:3      | Found an opulent altar of Gozag.
  1961 | D:3      | Noticed Jessica
  1965 | D:3      | Killed Jessica
  2613 | D:4      | Found a glowing silver altar of Zin.
  2613 | D:4      | Noticed an angel
  2848 | D:5      | Entered Level 5 of the Dungeon
  3047 | D:5      | Found a shimmering altar of Xom.
  3073 | D:5      | Reached skill level 6 in Axes
  3073 | D:5      | Reached XP level 7. HP: 30/62 MP: 7/7
  3332 | D:5      | Reached skill level 5 in Armour
  3536 | D:5      | Found a blossoming altar of Fedhas.
  3576 | D:5      | Found Ytyv's Assorted Antiques.
  3584 | D:5      | Bought a potion of heal wounds for 120 gold pieces
  3595 | D:5      | Reached skill level 7 in Axes
  3690 | D:5      | HP: 3/64 [orc priest/divine providence (10)]
  3691 | D:5      | Slain by an orc priest

Illustrated notes

Levels and vault maps discovered:
D:1:      saegor_arrival_miasma, layout_loops_ring, basic_ecumenical_altar,
          minmay_tripent
D:2:      layout_basic, uniq_sigmund
D:3:      layout_loops_ring, nicolae_gozag_seed_capital, uniq_jessica
D:4:      layout_loops_ring, zin_angel
D:5:      layout_basic, brannock_xom_greatest_gift, fedhas_altar_2,
          temple_statues, serial_shops, shop

Skill      XL: |  1  2  3  4  5  6  7 |
---------------+----------------------+-----
Fighting       | 4 5 6 |  6.4
Axes           | 3 5 6 7 |  7.2
Armour         | 4 5 |  5.2
Shields        | 4 |  4.5

Action                     |  1- 3 |  4- 6 |  7- 9 || total
---------------------------+-------+-------+-------++-------
  Melee: War axe           |   101 |    97 |    50 ||   248
         Dagger            |    10 |       |       ||    10
    Use: Scroll            |     3 |     4 |       ||     7
         Potion            |     3 |     3 |       ||     6
 Armour: Scale mail        |    51 |    37 |    26 ||   114
  Dodge: Dodged            |    50 |    30 |    27 ||   107
  Block: Buckler           |    34 |    26 |     9 ||    69
